 Dungeon Crawl Stone Soup version 0.32-a0-913-g739538afd8 (webtiles) character file.

Game seed: 13487677473508557322

82 HilariousDeathArtist the Charlatan (level 4, -13/35 HPs)
             Began as a Coglin Artificer on Apr 8, 2024.
             Was a Follower of Okawaru.
             Killed themself with a badly aimed iceblast (17 damage)
             ... on level 2 of the Dungeon.
             The game lasted 00:02:16 (1402 turns).

HilariousDeathArtist the Charlatan (CoAr)           Turns: 1402, Time: 00:02:16

Health: -13/35     AC:  4    Str: 17    XL:     4   Next: 43%
Magic:  0/4        EV: 11    Int:  9    God:    Okawaru [*.....]
Gold:   20         SH:  0    Dex: 15    Spells: 3/3 levels left

rFire   . . .        g - +0 dagger {Jakob}
rCold   . . .        f - +0 dagger {Bob}
rNeg    . . .        b - +0 leather armour
rPois   .            (no helmet)
rElec   .            (no cloak)
rCorr   .            (no gloves)
SInv    .            j - +0 pair of boots
Will    .....        (amulet unavailable)
Stlth   +            (ring unavailable)
HPRegen 0.25/turn    (ring unavailable)
MPRegen 0.09/turn    (no gizmo)

%: no passive effects
@: revving
A: off-hand wielding, slow wielding, warmup strikes, no jewellery, strong 1,
MP-powered wands
a: Invent Gizmo, Renounce Religion, Heroism


You were on level 2 of the Dungeon.
You worshipped Okawaru.
Okawaru was aware of your devotion.
You visited 1 branch of the dungeon, and saw 2 of its levels.

You collected 20 gold pieces.

Inventory:

Hand Weapons
 a - a +0 club {Shu}
 f - a +0 dagger (offhand) {Bob}
 g - a +0 dagger (weapon) {Jakob}
   (You found it on level 1 of the Dungeon)
Missiles
 s - 5 stones
Armour
 b - a +0 leather armour (worn)
 j - a +0 pair of boots (worn)
   (You found it on level 1 of the Dungeon)
Wands
 d - a wand of iceblast (5)
 e - a wand of charming (15)
 q - a wand of flame (15)
Scrolls
 h - 3 scrolls of identify {unknown}
 k - a scroll of enchant weapon {unknown}
 l - a scroll of fear {unknown}
 m - a scroll of teleportation {unknown}
 o - a scroll of torment {unknown}
 p - a scroll of amnesia {unknown}


   Skills:
 + Level 3.2 Fighting
 - Level 1.7 Armour
 + Level 1.7 Dodging
 - Level 0.7 Stealth
 + Level 1.1 Invocations
 - Level 4.0 Evocations


You had 3 spell levels left.
You didn't know any spells.
Your spell library was empty.

Dungeon Overview and Level Annotations

Branches:
Dungeon (2/15)

Altars:
Okawaru


Innate Abilities, Weirdness & Mutations

You can wield a second weapon in your off-hand.
It takes a long time for you to wield or remove held weapons.
Your first few attacks do less damage.
You cannot equip rings or amulets.
Your muscles are strong. (Str +4, Int/Dex -1)
You expend magic power (3 MP) to strengthen your wands.


Message History

You regained 26 hp, and now have 27/28 hp.
You miss something with your +0 dagger.
You barely miss something with your +0 dagger.
Something hits you.
You take 2 damage, and have 25/28 hp.
You barely miss something with your +0 dagger. x2
Something hits you but does no damage.
You hit something with your +0 dagger. Okawaru accepts your kill.
Reactivating autopickup.
You feel a bit more experienced.
Your Fighting skill increases to level 3!
Your Invocations skill increases to level 1!
You have reached level 4!
You feel stronger.
You regained 7 hp, and now have 33/35 hp.
MP restored: 4 You closely miss the adder with your +0 dagger.
You hit the adder but do no damage. The adder barely misses you.
The adder bites you.
You take 2 damage, and have 31/35 hp.
You completely miss the adder with your +0 dagger.
You hit the adder but do no damage. The adder closely misses you.
You hit the adder with your +0 dagger.
You closely miss the adder with your +0 dagger.
The adder barely misses you.
You hit the adder with your +0 dagger. x2
You kill the adder!
Okawaru accepts your kill.
Deactivating autopickup; reactivate with Ctrl-A.
You hit something with your +0 dagger. x2; Something hits you.
You take 1 damage, and have 31/35 hp.
You hit something with your +0 dagger. You hit something but do no damage.
Something hits you.
You take 1 damage, and have 30/35 hp.
You closely miss something with your +0 dagger.
You miss something with your +0 dagger. Something hits you but does no damage.
You miss something with your +0 dagger. You hit something but do no damage.
Something hits you.
You take 3 damage, and have 27/35 hp.
You gain the combat prowess of a mighty hero.
You hear some strange, mumbled words.
You are confused.
You hear a shout!
You now have 2/4 mp.
You're too confused to move!
Something hits you.
A kobold comes into view. It is wielding a +0 club.
You take 3 damage, and have 24/35 hp.
You completely miss something with your +0 dagger.
You closely miss something with your +0 dagger.
You hear some strange, mumbled words.
Something tries to affect you, but you resist.
You bump into the rock wall.
Something hits you but does no damage.
You bump into the rock wall.
Something hits you but does no damage.
You bump into the rock wall.
Something hits you.
You take 2 damage, and have 23/35 hp.
You hit something with your +0 dagger. x2
You hear some strange, mumbled words.
You are more confused.
You hit something but do no damage. x2
You hit something but do no damage.
You barely miss something with your +0 dagger.
Something hits you but does no damage.
You hit something with your +0 dagger. You hit something but do no damage.
Something hits you but does no damage.
You bump into the rock wall.
You hear some strange, mumbled words.
You are more confused.
You miss something with your +0 dagger. You hit something but do no damage.
Something hits you.
You take 3 damage, and have 21/35 hp.
You barely miss something with your +0 dagger.
You miss something with your +0 dagger.
You feel like a meek peon again. Something hits you but does no damage.
You bump into the rock wall.
Something hits you.
You take 4 damage, and have 18/35 hp.
You bump into the rock wall.
Something hits you.
You take 3 damage, and have 15/35 hp.
You bump into the rock wall.
Something hits you.
You take 1 damage, and have 14/35 hp.
You hear some strange, mumbled words.
A puff of flame appears from out of thin air!
The puff of flame hits you!
* * * LOW HITPOINT WARNING * * *
You take 11 damage, and have 3/35 hp.
MASSIVE DAMAGE!!
You aren't carrying any potions.
Unknown command.
You are too confused!
You bump into the rock wall.
Something hits you but does no damage.
You feel less confused.
Press: ? - help, Shift-Dir - straight line The mass of ice explodes!
The iceblast engulfs something!
Okawaru accepts your kill.
Reactivating autopickup.
You feel a bit more experienced. The iceblast engulfs you!
You die...

#........)......
#######.....#.$. ####
#Ko)Ko..### #..###.###....#
###....#r###..#....
###...##...#....####..
#............).## #
#.......###)....#
#####......##@)#.#.#
#.........##..##.#...
#.........##.###.# ...
#..........#.###.# ....
#..<..)..#.....#.#######.....
#............................
#.......###.##.....#####.....
#.......##..####.#..#.......
#.......##.##....##.....#


There were no monsters in sight!

Vanquished Creatures
  2 orc wizards (D:2)
  An adder (D:2)
  2 ribbon worms (D:2)
  2 dart slugs
  3 ball pythons
  2 endoplasms (D:1)
  3 giant cockroaches
  2 goblins (D:1)
  4 hobgoblins (D:1)
  6 kobolds (D:2)
  4 quokkas
  5 bats
  2 rats (D:1)
38 creatures vanquished.

Notes
Turn   | Place    | Note
-------+----------+-------------------------------------------
     0 | D:1      | HilariousDeathArtist the Coglin Artificer began the quest
                  | for the Orb.
     0 | D:1      | Reached XP level 1. HP: 15/15 MP: 1/1
   213 | D:1      | Reached skill level 2 in Fighting
   213 | D:1      | Reached XP level 2. HP: 12/22 MP: 2/2
   526 | D:1      | Found a faded altar of an unknown god.
   545 | D:1      | Prayed at the altar of an unknown god.
   545 | D:1      | Became a worshipper of Warmaster Okawaru
   545 | D:1      | Reached * piety under Okawaru
   748 | D:1      | Reached skill level 1 in Dodging
   963 | D:1      | Reached XP level 3. HP: 28/28 MP: 3/3
  1359 | D:2      | Gained mutation: You expend magic power (3 MP) to
                  | strengthen your wands. [potion of mutation]
  1359 | D:2      | Gained mutation: Your muscles are strong. (Str +4, Int/Dex
                  | -1) [potion of mutation]
  1361 | D:2      | HP: 7/28 [something (3)]
  1365 | D:2      | HP: 3/28 [something (4)]
  1366 | D:2      | HP: 1/28 [something (2)]
  1371 | D:2      | Reached skill level 3 in Fighting
  1371 | D:2      | Reached skill level 1 in Invocations
  1371 | D:2      | Reached XP level 4. HP: 33/35 MP: 4/4
  1397 | D:2      | HP: 3/35 [something/puff of flame (11)]
  1402 | D:2      | Killed themself with a badly aimed iceblast

Illustrated notes

Levels and vault maps discovered:
D:1:      denvon_arrival_waterhouse, layout_loops_corners,
          hellmonk_ecumenical_altar_inner_sanctum
D:2:      layout_rooms, serial_shops, shop, shop, shop, shop

Skill      XL: |  1  2  3 |
---------------+----------+-----
Fighting       | 2 3 |  3.2
Dodging        | 1 |  1.7
Invocations    | 1 |  1.1
Armour         | |  1.7
Stealth        | |  0.7
Evocations     | |  4.0

Action                     |  1- 3 |  4- 6 || total
---------------------------+-------+-------++-------
  Melee: Dagger            |   214 |    30 ||   244
         Club              |    18 |       ||    18
  Throw: Stone             |     1 |       ||     1
 Invoke: Heroism           |     1 |     1 ||     2
    Use: Potion            |     3 |       ||     3
   Stab: Sleeping          |     2 |       ||     2
 Armour: Leather armour    |    99 |    19 ||   118
  Dodge: Dodged            |    59 |     3 ||    62

Table legend: (Time is in decaauts)
 A = Elapsed time spent in this place.
 B = Non-inter-level travel time spent in this place.
 C = Inter-level travel time spent in this place.
 D = Time resting spent in this place.
 E = Time spent auto-exploring this place.
 F = Levels seen in this place.
 G = Mean time per level.
                   A        B        C        D        E       F      G
               +--------+--------+--------+--------+--------+-----+--------+
         Total |   1400 |   1372 |     28 |      0 |   1068 |   2 |  700.0 |
       Dungeon |   1400 |   1372 |     28 |      0 |   1068 |   2 |  700.0 |
               +--------+--------+--------+--------+--------+-----+--------+

Top non-repeatable levels by time:
     D:1: 1036 daAuts
     D:2: 364 daAuts

Levels and vault maps discovered:
D:1:      denvon_arrival_waterhouse, layout_loops_corners,
          hellmonk_ecumenical_altar_inner_sanctum
D:2:      layout_rooms, serial_shops, shop, shop, shop, shop

Table legend: (Time is in decaauts)
 A = Elapsed time spent in this place.
 B = Non-inter-level travel time spent in this place.
 C = Inter-level travel time spent in this place.
 D = Time resting spent in this place.
 E = Time spent auto-exploring this place.
 F = Levels seen in this place.
 G = Mean time per level.
                   A        B        C        D        E       F      G
               +--------+--------+--------+--------+--------+-----+--------+
         Total |   1400 |   1372 |     28 |      0 |   1068 |   2 |  700.0 |
       Dungeon |   1400 |   1372 |     28 |      0 |   1068 |   2 |  700.0 |
               +--------+--------+--------+--------+--------+-----+--------+

Top non-repeatable levels by time:
     D:1: 1036 daAuts
     D:2: 364 daAuts

Table legend:
 A = Kills in this place as a percentage of kills in the entire game.
 B = Kills by you in this place as a percentage of kills by you in the entire game.
 C = Kills by friends in this place as a percentage of kills by friends in the entire game.
 D = Other kills in this place as a percentage of other kills in the entire game.
 E = Experience gained in this place as a percentage of experience gained in the entire game.
 F = Experience gained in this place divided by the number of levels of this place that you have seen.
                   A       B       C       D       E      F
               +-------+-------+-------+-------+-------+----------------------
         Total | 100.0 | 100.0 |   N/A |   N/A | 100.0 |  76.5
       Dungeon | 100.0 | 100.0 |   N/A |   N/A | 100.0 |  76.5
               +-------+-------+-------+-------+-------+----------------------
